 Dungeon Crawl Stone Soup version 0.17-a0-1011-gfa70bdd (webtiles) character file.

2468 Sixotanaka the Bludgeoner (level 9, -7/132 HPs)
             Began as an Ogre Berserker on May 13, 2015.
             Was a High Priest of Trog.
             Mangled by an orc warrior
             ... wielding a +0 glaive
              (15 damage)
             ... on level 6 of the Dungeon.
             The game lasted 00:11:31 (6840 turns).

Sixotanaka the Bludgeoner (Ogre Berserker)          Turns: 6840, Time: 00:11:32

Health: -7/132     AC:  6    Str: 29    XL:     9   Next: 51%
Magic:  9/9        EV: 11    Int:  6    God:    Trog [*****.]
Gold:   176        SH:  0    Dex: 12    Spells: 0 memorised, 8 levels left

rFire  . . .     SeeInvis .     r - +2 whip (flame)
rCold  . . .     Clarity  .     b - +0 animal skin
rNeg   . . .     SustAb   .     (no shield)
rPois  +         Gourm    .     (helmet restricted)
rElec  .         Spirit   .     y - +2 cloak
rCorr  .         Warding  .     (gloves unavailable)
rMut   .         Stasis   .     (boots unavailable)
MR     ++...                    f - amulet of faith {!P}
Stlth  ..........               (no ring)
                                p - ring of poison resistance

@: berserking, regenerating, very quick, very resistant to hostile enchantments,
extremely unstealthy
A: unfitting armour, tough skin 1
a: Burn Spellbooks, Berserk, Trog's Hand, Brothers in Arms, Renounce Religion


You were on level 6 of the Dungeon.
You worshipped Trog.
Trog was extremely pleased with you.
You were not hungry.

You visited 1 branch of the dungeon, and saw 6 of its levels.

You collected 176 gold pieces.


Innate Abilities, Weirdness & Mutations

You are too large for most types of armour.
You have tough skin (AC +1).


   Skills:
 - Level 5.0 Fighting
 + Level 15.1 Maces & Flails
 - Level 3.6 Dodging


You had 8 spell levels left.
You didn't know any spells.

Dungeon Overview and Level Annotations

Branches:
Dungeon (6/15)
 Temple: D:4-7

Altars:
Ashenzari
Cheibriados
Dithmenos
Elyvilon
Makhleb
Okawaru
Ru
Sif Muna
Xom
Yredelemnul

Annotations:
D:4 exclusion: downstairs
D:5 eataudio's ghost, experienced MiFi
D:6 chequers's ghost, experienced MiBe

Inventory:

Hand weapons
 a - a +0 mace
 j - a +0 giant club
 r - a +2 whip of flaming (weapon)
   (You took it off Pikel on level 4 of the Dungeon)
Missiles
 e - 140 stones
 q - 32 poisoned needles
 w - 5 large rocks
 x - 6 javelins (quivered)
Armour
 b - a +0 animal skin (worn)
 y - a +2 cloak (worn)
Jewellery
 f - an amulet of faith (around neck) {!P}
 p - a ring of poison resistance (left hand)
 A - an uncursed amulet of resist corrosion {unknown}
Scrolls
 g - a scroll of recharging
 i - a scroll of random uselessness {unknown}
 t - a scroll of remove curse {@r2}
 v - a scroll of enchant armour {unknown}
 D - 2 scrolls of identify {@r1}
 E - a scroll of teleportation {unknown}
Potions
 h - 2 potions of poison {unknown}
 k - 4 potions of heal wounds {@q2}
 l - 4 potions of curing {@q1}
 m - 2 potions of brilliance {unknown}
 n - a potion of cancellation {unknown}
 o - a potion of flight {unknown}
 z - a potion of might {unknown}
 F - a potion of agility
Books
 s - a book of Alchemy
Comestibles
 c - 3 bread rations
 d - 29 fruits
 u - a meat ration
 B - a royal jelly

##..## ##.##....#####.....#
##....# ##.####.........##..#
#.###.###.####.........####.#
.## #.....###..####...## #.# ##
##...###..## ##..## #.# #
##....#..## ##<.## #.#
##.......## #..## #.#
##........# ##.## #.#
##...#....#####@## ##(# ###
#...##.....##oW## ###.(###..
#..###.......oo# ####.....)...
#..##........(## #.......().##
#........o....[#####..#####...#
##...<..o...###......######..##
##..........## ####...........#
............## ##..........#
..(..........## #..#########


You could see an orc warrior, 2 orc priests, chequers's ghost and 2 orcs.


Message History

There is a stone staircase leading down here.
You climb downwards.
Level annotation: chequers's ghost, experienced MiBe
There is a stone staircase leading up here.
The orc priest shouts!
The orc priest is too close now for your liking.
An orc priest is nearby!
The orc warrior shouts!
The orc priest hits you with a club.
You closely miss the orc priest. The orc priest completely misses you.
You barely miss the orc priest. The orc warrior closely misses you.
You barely miss the orc priest. You hit the orc priest.
You burn the orc priest. The orc priest barely misses you.
The orc warrior completely misses you.
You barely miss the orc priest. You hit the orc priest.
You burn the orc priest. The orc priest hits you with a club.
The orc priest hits you with a club. The orc warrior barely misses you.
You whack the orc priest! You burn the orc priest.
The orc priest barely misses you.
You closely miss the orc priest. The orc warrior closely misses you.
You hit the orc priest. You burn the orc priest.
You kill the orc priest!
Trog accepts your kill.
An orc comes into view. It is wielding a whip.
The orc shouts!
Chequers's ghost hits you but does no damage.
The orc priest hits you. The orc warrior closely misses you.
Things that are here:
a club; an orc corpse The orc warrior misses you.
Your skin crawls.
You feel resistant to hostile enchantments.
You feel slightly more hungry. Chequers's ghost hits you!
A red film seems to cover your vision as you go berserk!
You feel yourself moving faster!
You feel mighty!
You feel somewhat more hungry.
The orc warrior hits you from afar with a glaive!
Chequers's ghost hits you!
You closely miss chequers's ghost. Chequers's ghost hits you.
The orc priest calls down the wrath of Beogh upon you.
Something smites you!
* * * LOW HITPOINT WARNING * * *
You barely miss chequers's ghost.
The orc warrior hits you from afar with a glaive!
* * * LOW HITPOINT WARNING * * *
You thrash chequers's ghost!! You burn chequers's ghost.
You hit chequers's ghost but do no damage.
Chequers's ghost hits you!
* * * LOW HITPOINT WARNING * * *
* * * LOW HITPOINT WARNING * * *
You hit chequers's ghost. You burn chequers's ghost.
You whack chequers's ghost! You burn chequers's ghost.
The orc warrior hits you from afar with a glaive!!
* * * LOW HITPOINT WARNING * * *
An orc priest comes into view.
You are too berserk!
Unknown command.
You barely miss chequers's ghost.
The orc priest shouts!
Chequers's ghost hits you!
* * * LOW HITPOINT WARNING * * *
* * * LOW HITPOINT WARNING * * *
You completely miss chequers's ghost. You hit chequers's ghost.
You burn chequers's ghost. You hit chequers's ghost. You burn chequers's ghost.
Chequers's ghost says, "Try not to bleed too much."
Chequers's ghost closely misses you.
The orc warrior hits you from afar with a glaive!
You die...

Action                   |  1- 3 |  4- 6 |  7- 9 || total
-------------------------+-------+-------+-------++-------
Melee: Mace              |   120 |   197 |    67 ||   384
       Whip              |       |       |   275 ||   275
Throw: Javelin           |       |     9 |     1 ||    10
       Stone             |       |     2 |       ||     2
Invok: Berserk           |     1 |     6 |     5 ||    12
       Trog's Hand       |       |       |     4 ||     4
  Use: Scroll            |       |     1 |     7 ||     8
  Eat: Chunk             |     3 |    11 |    10 ||    24
       Meat ration       |       |     1 |       ||     1
       Pizza             |       |       |     2 ||     2

Vault maps used:
D:1:      dpeg_arrival_rooms_b
D:2:      lemuel_crystal_altar, lemuel_another_geyser
D:3:      lemuel_round_altar, lemuel_crystal_altar, lemuel_crystal_altar,
          first_bread, uniq_natasha
D:4:      grunt_temple_overflow_open, hangedman_decor_diamond_cutter,
          dk_vineyard_1, st_stairs_11, uniq_crazy_yiuf_cottage, uniq_pikel
D:5:      grunt_dithmenos_shadows, kennysheep_mini_moat, temple_garden,
          uniq_duvessa
D:6:      uniq_sigmund

Notes
Turn   | Place    | Note
--------------------------------------------------------------
     0 | D:1      | Sixotanaka the Ogre Berserker began the quest for the Orb.
     0 | D:1      | Reached XP level 1. HP: 24/24 MP: 1/1
    98 | D:1      | Reached skill level 3 in Dodging
   173 | D:1      | Reached XP level 2. HP: 28/32 MP: 2/2
   356 | D:1      | Acquired Trog's second power
   687 | D:2      | Reached XP level 3. HP: 38/40 MP: 3/3
   918 | D:2      | Found a deep blue altar of Sif Muna.
  1431 | D:2      | Reached XP level 4. HP: 47/49 MP: 4/4
  2038 | D:3      | Reached skill level 5 in Maces & Flails
  2092 | D:3      | Found a snail-covered altar of Cheibriados.
  2119 | D:3      | Reached skill level 5 in Fighting
  2438 | D:3      | Noticed Natasha
  2449 | D:3      | Killed Natasha
  2449 | D:3      | Reached XP level 5. HP: 57/57 MP: 5/5
  2673 | D:3      | Noticed Natasha
  2697 | D:3      | Killed Natasha
  2697 | D:3      | Reached skill level 6 in Maces & Flails
  2759 | D:3      | Found a white marble altar of Elyvilon.
  2956 | D:3      | Noticed Natasha
  2957 | D:3      | Killed Natasha
  3068 | D:3      | Acquired Trog's third power
  3152 | D:3      | Found a sacrificial altar of Ru.
  3451 | D:4      | Noticed an ogre
  3456 | D:4      | Killed an ogre
  3456 | D:4      | Reached skill level 7 in Maces & Flails
  3456 | D:4      | Reached XP level 6. HP: 66/66 MP: 6/6
  3708 | D:4      | Noticed an ogre
  3720 | D:4      | Killed an ogre
  3720 | D:4      | Reached skill level 8 in Maces & Flails
  3878 | D:4      | Noticed Crazy Yiuf
  3886 | D:4      | Killed Crazy Yiuf
  3969 | D:4      | Reached XP level 7. HP: 72/72 MP: 7/7
  3972 | D:4      | Reached skill level 9 in Maces & Flails
  4124 | D:4      | Found a shattered altar of Ashenzari.
  4126 | D:4      | Found a basalt altar of Yredelemnul.
  4132 | D:4      | Found an iron altar of Okawaru.
  4132 | D:4      | Found a burning altar of Makhleb.
  4180 | D:4      | Noticed a slave
  4190 | D:4      | Killed a slave
  4235 | D:4      | Noticed a slave
  4250 | D:4      | Noticed Pikel
  4269 | D:4      | Noticed a slave
  4271 | D:4      | Noticed a slave
  4289 | D:4      | Killed Pikel
  4289 | D:4      | Reached skill level 11 in Maces & Flails
  4289 | D:4      | Reached XP level 8. HP: 80/80 MP: 8/8
  4327 | D:4      | Noticed a phantom
  4381 | D:4      | Killed a phantom
  4453 | D:4      | Killed a freed slave
  4874 | D:4      | Reached skill level 12 in Maces & Flails
  4908 | D:4      | Killed a freed slave
  5505 | D:5      | Entered Level 5 of the Dungeon
  5655 | D:5      | Reached skill level 13 in Maces & Flails
  5670 | D:5      | Noticed Duvessa
  5672 | D:5      | Noticed Dowan
  5687 | D:5      | Killed Duvessa
  5702 | D:4      | Killed Dowan
  5702 | D:4      | Reached XP level 9. HP: 36/88 MP: 9/9
  5713 | D:4      | HP: 22/88 [poisoned by Dowan]
  5721 | D:4      | HP: 22/88 [poisoned by Dowan]
  6053 | D:5      | Found a shadowy altar of Dithmenos.
  6121 | D:5      | Noticed an angel
  6150 | D:5      | Noticed eataudio's ghost (experienced MiFi)
  6210 | D:5      | Found a shimmering altar of Xom.
  6268 | D:6      | Reached skill level 14 in Maces & Flails
  6304 | D:6      | Noticed Sigmund
  6324 | D:6      | Killed Sigmund
  6643 | D:6      | Noticed chequers's ghost (experienced MiBe)
  6676 | D:5      | Reached skill level 15 in Maces & Flails
  6836 | D:6      | HP: 17/132 [orc warrior/glaive (18)]
  6837 | D:6      | HP: 7/132 [chequers's ghost (2)]
  6840 | D:6      | Mangled by an orc warrior

Vanquished Creatures
  Pikel (D:4)
  Sigmund (D:6)
  Duvessa (D:5)
  4 phantoms
  A centaur (D:6)
  3 ogres
  A slave (D:4)
  2 ice beasts
  A giant frog (D:4)
  A gnoll sergeant (D:4)
  Dowan (D:4)
  2 crimson imps (D:6)
  4 orc wizards
  Crazy Yiuf (D:4)
  3 orc priests
  2 iguanas (D:4)
  Natasha (thrice) (D:3)
  2 worker ants
  A gnoll (D:4)
  13 adders
  A shadow imp (D:5)
  An adder zombie (D:6)
  A worm (D:4)
  An adder skeleton (D:4)
  5 giant geckos
  14 orcs
  12 bats
  A bat skeleton (D:4)
  2 bat zombies (D:6)
  8 giant cockroaches
  8 hobgoblins
  3 jackals (D:1)
  8 kobolds
  3 quokkas
  A giant gecko skeleton (D:5)
  6 giant newts
  13 goblins
  A quokka skeleton (D:4)
  16 rats
153 creatures vanquished.

Vanquished Creatures (others)
  2 slaves (D:4)
  A giant frog skeleton (D:4)
  A gnoll (D:4)
  2 goblins (D:4)
  A rat (D:4)
7 creatures vanquished.

Grand Total: 160 creatures vanquished
